 Dungeon Crawl Stone Soup version 0.25-a0-1036-g6f112fb28d (webtiles) character file.

Game seed: 11487555667004135480, levelgen mode: deterministic

40 Maedhros the Sneak (level 3, 0/23 HPs)
             Began as an Octopode Artificer on May 13, 2020.
             Killed from afar by an orc wizard (10 damage)
             ... with a puff of flame
             ... on level 3 of the Dungeon.
             The game lasted 00:01:15 (324 turns).

Maedhros the Sneak (Octopode Artificer)              Turns: 324, Time: 00:01:16

Health: 0/23       AC:  1    Str: 11    XL:     3   Next: 50%
Magic:  5/5        EV: 13    Int: 13    God:
Gold:   6          SH:  0    Dex: 13    Spells: 2/2 levels left

rFire    . . .     SeeInvis .   a - +0 short sword
rCold    . . .     Gourm    .   (no shield)
rNeg     . . .     Faith    .   (helmet restricted)
rPois    .         Spirit   .   (no amulet)
rElec    .         Reflect  .   (no ring)
rCorr    .         Harm     .   (no ring)
MR       .....                  (no ring)
Stlth    +++.......             (no ring)
HPRegen  0.07/turn              (no ring)
MPRegen  0.09/turn              (no ring)
                                (no ring)
                                (no ring)

@: no status effects
A: almost no armour, stealthy swim, amphibious, 8 rings, constrict 8, camouflage
1, gelatinous body 1
a: no special abilities


You were on level 3 of the Dungeon.
You were not hungry.

You visited 1 branch of the dungeon, and saw 3 of its levels.

You collected 6 gold pieces.

Inventory:

Hand Weapons
 a - a +0 short sword (weapon)
Missiles
 i - 7 poisoned darts (quivered)
Wands
 b - a wand of flame (8)
 c - a wand of enslavement (14)
 d - a wand of random effects (13)
Scrolls
 h - a scroll of teleportation {unknown}
 j - a scroll of remove curse {unknown}
Potions
 e - a potion of flight {unknown}
 g - 2 potions of lignification {unknown}
Comestibles
 f - a ration


   Skills:
 - Level 1.0 Fighting
 - Level 1.0 Short Blades
 - Level 2.0 Dodging
 - Level 4.0 Stealth
 + Level 1.5 Unarmed Combat
 - Level 3.2 Evocations


You had 2 spell levels left.
You didn't know any spells.
Your spell library was empty.

Dungeon Overview and Level Annotations

Branches:
Dungeon (3/15)

Altars:


Innate Abilities, Weirdness & Mutations

You cannot wear most types of armour.
You are very stealthy in the water. (Stealth+)
You are amphibious.
You can wear up to eight rings at the same time.
You can use your tentacles to constrict eight enemies at once.
Your skin changes colour to match your surroundings (Stealth+).
Your rubbery body absorbs attacks. (AC +1, EV +1)


Message History

Press: ? - help, Shift-Dir - straight line, f - you Evoke which item? (* to show all) (? for menu, Esc to quit)
Aiming: Throw Flame
Press: ? - help, Shift-Dir - straight line, f - you The puff of flame hits something!
Something barely misses you.
You barely miss something. Something barely misses you.
You hear some strange, mumbled words.
A magic dart appears from out of thin air!
The magic dart hits you!
Evoke which item? (* to show all) (? for menu, Esc to quit)
Aiming: Throw Flame
Press: ? - help, Shift-Dir - straight line, f - you The puff of flame hits something.
Something hits you.
Evoke which item? (* to show all) (? for menu, Esc to quit)
Aiming: Throw Flame
Press: ? - help, Shift-Dir - straight line, f - you You hear some strange, mumbled words.
A puff of flame appears from out of thin air!
The puff of flame hits you!
You die...

#######.# .........#
..######.# #.# ##'# #.#
##... ####.# ##....
##.##.###.....
.##########...#.##......
...)..)@.........'......
###########...#.##......
##.##.###..... ####.#
##.... ..# ##... ###
##+#


There were no monsters in sight!

Vanquished Creatures
  An orc priest (D:3)
  An orc (D:3)
  2 kobolds
  3 ball pythons
  A bat (D:1)
  3 rats
11 creatures vanquished.

Notes
Turn   | Place    | Note
-------+----------+-------------------------------------------
     0 | D:1      | Maedhros the Octopode Artificer began the quest for the
                  | Orb.
     0 | D:1      | Reached XP level 1. HP: 13/13 MP: 3/3
   140 | D:2      | Reached skill level 2 in Stealth
   206 | D:3      | Reached XP level 2. HP: 10/18 MP: 4/4
   217 | D:3      | Reached skill level 3 in Stealth
   316 | D:3      | Reached skill level 4 in Stealth
   316 | D:3      | Reached skill level 1 in Unarmed Combat
   316 | D:3      | Reached XP level 3. HP: 17/23 MP: 5/5
   324 | D:3      | Killed from afar by an orc wizard

Illustrated notes

Levels and vault maps discovered:
D:1:      dpeg_arrival_orchard, layout_basic, serial_forest,
          infiniplex_forest_lined_room_2, infiniplex_forest_clump_large,
          infiniplex_forest_lined_3, infiniplex_forest_clump_diagonal,
          infiniplex_forest_straight_4
D:2:      layout_loops_ring, lemuel_coloured_pillars_altar,
          chequers_ecumenical_altar_simple_redux, corexii_corridor_pit,
          minmay_tetromino_i2, uniq_terence
D:3:      minmay_bubble_buster, layout_loops_corners

Skill      XL: |  1  2 |
---------------+-------+-----
Stealth        | 2 4 |  4.0
Unarmed Combat | 1 |  1.5
Fighting       | |  1.0
Short Blades   | |  1.0
Dodging        | |  2.0
Evocations     | |  3.2

Action                   || total
-------------------------++-------
Melee: Short sword       ||    21
       Constrict         ||     3
Throw: Dart              ||     4
Evoke: Wand              ||    10
 Stab: Sleeping          ||     3
Armor: Skin              ||     2
Dodge: Dodged            ||    23

Table legend:
 A = Non-vault XP
 B = Vault XP
 C = Vault XP percentage of total XP
 D = Non-vault monster count
 E = Vault monster count
 F = Vault count percentage of total count
                 A         B        C        D         E       F
            +---------+---------+-------+---------+---------+-------
      Total |      58 |       0 |   0.0 |      11 |       0 |   0.0
            +---------+---------+-------+---------+---------+-------
        D:1 |       3 |       0 |   0.0 |       3 |       0 |   0.0
        D:2 |       5 |       0 |   0.0 |       3 |       0 |   0.0
        D:3 |      50 |       0 |   0.0 |       5 |       0 |   0.0
            +---------+---------+-------+---------+---------+-------
